 Dungeon Crawl Stone Soup version 0.28-a0-8-g6e044cfa68 (webtiles) character file.

Game seed: 9368220930309206850

78 ezpacito the Skirmisher (level 4, -1/35 HPs)
             Began as a Demonspawn Abyssal Knight on July 24, 2021.
             Was a Follower of Lugonu.
             Slain by Ijyb (3 damage)
             ... on level 3 of the Dungeon.
             The game lasted 00:04:39 (2848 turns).

ezpacito the Skirmisher (Demonspawn Abyssal Knight) Turns: 2848, Time: 00:04:40

Health: -1/35      AC:  3    Str: 12    XL:     4   Next: 15%
Magic:  6/6        EV: 11    Int: 14    God:    Lugonu [*.....]
Gold:   80         SH:  0    Dex: 13    Spells: 1/4 levels left

rFire   . . .      SeeInvis .   a - +1 hand axe
rCold   . . .      Faith    .   (no shield)
rNeg    . . .      Spirit   .   b - +0 leather armour
rPois   .          Reflect  .   (helmet restricted)
rElec   .          Harm     .   (no cloak)
rCorr   .          Rampage  .   (no gloves)
Will    .....                   (no boots)
Stlth   +.........              (no amulet)
HPRegen 0.11/turn               (no ring)
MPRegen 0.10/turn               (no ring)

@: no status effects
A: horns 1, demonic magic 2
a: Renounce Religion, Depart the Abyss


You were on level 3 of the Dungeon.
You worshipped Lugonu.
Lugonu was aware of your devotion.
You visited 1 branch of the dungeon, and saw 3 of its levels.
You visited the Abyss 1 time.

You collected 80 gold pieces.

Inventory:

Hand Weapons
 a - a +1 hand axe (weapon)
Missiles
 h - 106 stones (quivered)
Armour
 b - a +0 leather armour (worn)
Magical Staves
 m - a staff of air
Scrolls
 f - a scroll of magic mapping
 g - 3 scrolls of identify
 i - 2 scrolls of immolation


   Skills:
 + Level 3.1 Fighting
 * Level 2.5 Axes
 * Level 2.1 Armour
 + Level 1.4 Dodging
 + Level 0.8 Spellcasting
 + Level 0.3 Transmutations
 + Level 0.3 Fire Magic
 * Level 0.7 Poison Magic
 + Level 3.1 Invocations


You had one spell level left.
You knew the following spells:

 Your Spells              Type           Power      Damage    Failure   Level
a - Ignite Poison         Fire/Tmut/Pois 1%         N/A       63%         3

Your spell library contained the following spells:

 Spells                   Type           Power      Damage    Failure   Level
 Foxfire                  Conj/Fire      4%         2x1d4     32%         1
 Conjure Flame            Conj/Fire      1%         6-21      67%         3
 Inner Flame              Hex/Fire       1%         N/A       67%         3
 Mephitic Cloud           Conj/Pois/Air  1%         N/A       67%         3
 Bolt of Magma            Conj/Fire/Erth 0%         4d4       100%        5


Dungeon Overview and Level Annotations

Branches:
Dungeon (3/15)

Altars:

Shops:
D:2 [

Annotations:
D:3 Ijyb


Innate Abilities, Weirdness & Mutations

You have a pair of small horns on your head.
Spells you cast may paralyse nearby enemies.


Message History

You feel aware of your surroundings.
It was a scroll of magic mapping.
Ijyb zaps a wand.
The puff of flame hits you.
As you read the scroll labelled ENLOISU LIETU, it crumbles to dust.
It is a scroll of identify.
i - 2 scrolls of immolation Ijyb zaps a wand.
The puff of flame hits you!
* * * LOW HITPOINT WARNING * * *
As you read the scroll labelled DOOZ JIFEOROWO, it crumbles to dust.
You assume a fearsome visage.
Ijyb looks frightened!
It was a scroll of fear.
As you read the scroll labelled EVIOHU HI CEU, it crumbles to dust.
You feel a surge of unholy energy.
Ijyb convulses!
It was a scroll of torment.
Throw: 109 stones
Press: ? - help, Q - select action, (/) - cycle Shift-Dir - straight line, f - Ijyb
Aim: Ijyb, wielding a +0 dagger, wearing a +0 scale mail and carrying a wand of flame (1) (heavily wounded, fleeing, 53% to hit)
You throw a stone. The stone hits Ijyb but does no damage.
Your attack snaps Ijyb out of her fear.
Ijyb is heavily wounded.
Ijyb zaps a wand.
The puff of flame misses you.
The now-empty wand crumbles to dust.
Throw: 108 stones
Press: ? - help, Q - select action, (/) - cycle Shift-Dir - straight line, f/p - Ijyb
Aim: Ijyb, wielding a +0 dagger and wearing a +0 scale mail (heavily wounded, 53% to hit)
You throw a stone. The stone closely misses Ijyb.
Throw: 107 stones
Press: ? - help, Q - select action, (/) - cycle Shift-Dir - straight line, f/p - Ijyb
Aim: Ijyb, wielding a +0 dagger and wearing a +0 scale mail (heavily wounded, 53% to hit)
You throw a stone. The stone barely misses Ijyb.
Throw: 106 stones
Press: ? - help, Q - select action, (/) - cycle Shift-Dir - straight line, f/p - Ijyb
Aim: Ijyb, wielding a +0 dagger and wearing a +0 scale mail (heavily wounded, 53% to hit)
Okay, then.
You hit Ijyb but do no damage. You headbutt Ijyb, but do no damage.
Ijyb is heavily wounded.
Ijyb closely misses you.
An endoplasm comes into view.
You closely miss Ijyb.
Ijyb is heavily wounded.
The endoplasm quivers.
Ijyb hits you with a +0 dagger.
You die...

*,********#.#.≈..≈≈≈≈≈≈≈≈≈≈≈≈≈≈ *
*,,,>,,,J...≈≈≈..≈≈≈≈≈≈≈≈≈≈≈≈≈≈
***,**#####≈≈≈≈≈≈..≈≈≈≈≈≈≈##.≈≈≈≈
≈≈≈,**#≈≈≈≈≈≈≈≈≈≈..≈≈≈≈*#**#.##.≈
≈≈≈≈≈≈≈≈≈≈≈≈≈≈≈≈≈..≈#*** #.##..
≈≈≈≈≈≈≈≈≈≈≈≈≈≈≈≈8..8# #.##..
≈≈≈≈≈≈≈≈≈≈≈≈≈##.8..8# #.....
*≈≈≈≈≈≈≈≈#..........# ####..
***,***#.#.##.#.@g.(# #.. *,*
#.#.##.#....## #.. *,*
#.#.##.###### #.. #.####...##.#
#.. #...........# #..
######†.##### #.# #..# #.# #..#
#.# **######..# ######### #.#


You could see Ijyb and an endoplasm.

Vanquished Creatures
  2 adders (D:2)
  A worm (D:2)
  3 dart slugs (D:1)
  5 bats
  4 endoplasms
  2 giant cockroaches (D:1)
  4 goblins
  5 hobgoblins
  4 kobolds
  6 quokkas
  6 ball pythons
  2 frilled lizards
  4 rats
48 creatures vanquished.

Notes
Turn   | Place    | Note
-------+----------+-------------------------------------------
     0 | Abyss:1  | ezpacito the Demonspawn Abyssal Knight began the quest for
                  | the Orb.
     0 | Abyss:1  | Reached XP level 1. HP: 18/18 MP: 2/2
    44 | Abyss:2  | Noticed a hell hound
    50 | Abyss:2  | Noticed a hell hound
    50 | Abyss:2  | Noticed a hell hound
    50 | Abyss:2  | Noticed a hell hound
    56 | D:1      | Escaped the Abyss
   378 | D:1      | Reached skill level 1 in Dodging
   572 | D:1      | Found a faded altar of an unknown god.
   578 | D:1      | Gained mutation: Spells you cast may paralyse adjacent
                  | enemies. [demonic ancestry]
   578 | D:1      | Reached XP level 2. HP: 24/24 MP: 3/3
   643 | D:1      | Reached * piety under Lugonu
  1031 | D:1      | Gained mutation: You have a pair of small horns on your
                  | head. [demonic ancestry]
  1031 | D:1      | Reached XP level 3. HP: 19/29 MP: 5/5
  1150 | D:1      | Learned a level 3 spell: Ignite Poison
  1919 | D:2      | Found Veewn's Armour Boutique.
  2320 | D:2      | Gained mutation: Spells you cast may paralyse nearby
                  | enemies. [demonic ancestry]
  2320 | D:2      | Reached XP level 4. HP: 35/35 MP: 6/6
  2809 | D:3      | Noticed Ijyb
  2841 | D:3      | HP: 1/35 [Ijyb/puff of flame (15)]
  2848 | D:3      | Slain by Ijyb

Illustrated notes

Levels and vault maps discovered:
D:1:      nicolae_arrival_memento_mori, layout_loops_ring,
          ebering_ecumenical_altar_mist, wad_floor_pattern_untrapped
D:2:      layout_loops_ring, serial_shops, shop
D:3:      wander_river, layout_loops_ring, uniq_ijyb

Skill      XL: |  1  2  3 |
---------------+----------+-----
Axes           | 2 |  2.5
Dodging        | 1 |  1.4
Armour         | 2 |  2.1
Invocations    | 3 |  3.1
Fighting       | |  3.1
Spellcasting   | |  0.8
Transmutations | |  0.3
Fire Magic     | |  0.3
Poison Magic   | |  0.7

Action                   |  1- 3 |  4- 6 || total
-------------------------+-------+-------++-------
Melee: Hand axe          |   104 |    57 ||   161
       Headbutt          |     4 |     9 ||    13
Throw: Stone             |       |     3 ||     3
Invok: Depart the Abyss  |     1 |       ||     1
  Use: Potion            |     2 |     2 ||     4
       Scroll            |       |     6 ||     6
 Stab: Sleeping          |     1 |       ||     1
Armor: Leather armour    |    22 |    12 ||    34
       Skin              |    26 |    14 ||    40
Dodge: Dodged            |    53 |    26 ||    79

Table legend: (Time is in decaauts)
 A = Elapsed time spent in this place.
 B = Non-inter-level travel time spent in this place.
 C = Inter-level travel time spent in this place.
 D = Time resting spent in this place.
 E = Time spent auto-exploring this place.
 F = Levels seen in this place.
 G = Mean time per level.
                   A        B        C        D        E       F      G
               +--------+--------+--------+--------+--------+-----+--------+
         Total |   2880 |   2811 |     69 |    222 |   2183 |   5 |  576.0 |
       Dungeon |   2824 |   2755 |     69 |    222 |   2161 |   3 |  941.3 |
         Abyss |     55 |     55 |      0 |      0 |     22 |   2 |   27.5 |
               +--------+--------+--------+--------+--------+-----+--------+

Top non-repeatable levels by time:
     D:1: 1386 daAuts
     D:2: 1013 daAuts
     D:3: 424 daAuts
 Abyss:1: 29 daAuts
 Abyss:2: 26 daAuts
